 Dungeon Crawl Stone Soup version 0.28-a0-704-g4d584c6bc1 (webtiles) character file.

Game seed: 17824015213004653551

2271 Gargoyl the Skirmisher (level 9, -9/74 HPs)
             Began as a Gnoll Abyssal Knight on Oct 24, 2021.
             Was an Elder of Lugonu.
             Mangled by an ogre (18 damage)
             ... on level 6 of the Dungeon.
             The game lasted 00:09:35 (8643 turns).

Gargoyl the Skirmisher (Gnoll Abyssal Knight)       Turns: 8643, Time: 00:09:36

Health: -9/74      AC: 17    Str: 15    XL:     9   Next: 38%
Magic:  15/15      EV:  6    Int: 10    God:    Lugonu [****..]
Gold:   235        SH:  5    Dex: 19    Spells: 16/16 levels left

rFire   . . .      SeeInvis .   a - +2 hand axe
rCold   . . .      Faith    .   (no shield)
rNeg    + . .      Spirit   .   c - +1 plate armour
rPois   .          Reflect  +   p - +2 helmet
rElec   .          Harm     .   (no cloak)
rCorr   .          Rampage  .   (no gloves)
Will    .....                   (no boots)
Stlth   ..........              q - amulet of reflection
HPRegen 0.22/turn               m - +6 ring of dexterity
MPRegen 0.14/turn               n - ring of positive energy

@: no status effects
A: fangs 1, strong nose, distributed training
a: Renounce Religion, Depart the Abyss, Bend Space, Banish, Corrupt


You were on level 6 of the Dungeon.
You worshipped Lugonu.
Lugonu was greatly pleased with you.
You visited 1 branch of the dungeon, and saw 6 of its levels.
You visited the Abyss 1 time.
You also visited: Sewer.

You collected 235 gold pieces.

Inventory:

Hand Weapons
 a - a +2 hand axe (weapon)
Missiles
 d - 15 poisoned darts (quivered)
Armour
 c - a +1 plate armour (worn)
 p - a +2 helmet (worn)
Jewellery
 m - a +6 ring of dexterity (left hand)
 n - a ring of positive energy (right hand)
 q - an amulet of reflection (around neck)
Wands
 e - a wand of mindburst (7)
Scrolls
 b - 2 scrolls of identify
 r - a scroll of teleportation {unknown}
Potions
 f - 2 potions of heal wounds
 g - a potion of invisibility {unknown}
 i - a potion of magic
 j - a potion of mutation {unknown}
 k - 2 potions of curing
 l - 2 potions of berserk rage {unknown}
 o - a potion of might {unknown}


   Skills:
 + Level 7.8 Fighting
 + Level 4.2 Short Blades
 + Level 4.2 Long Blades
 + Level 6.3 Axes
 + Level 4.2 Maces & Flails
 + Level 4.2 Polearms
 + Level 4.2 Staves
 + Level 4.2 Slings
 + Level 4.2 Bows
 + Level 4.2 Crossbows
 + Level 4.2 Throwing
 + Level 6.3 Armour
 + Level 5.0 Dodging
 + Level 4.2 Stealth
 + Level 4.2 Shields
 + Level 4.2 Unarmed Combat
 + Level 4.2 Spellcasting
 + Level 3.4 Conjurations
 + Level 3.4 Hexes
 + Level 3.4 Summonings
 + Level 3.4 Necromancy
 + Level 3.4 Translocations
 + Level 3.4 Transmutations
 + Level 3.4 Fire Magic
 + Level 3.4 Ice Magic
 + Level 3.4 Air Magic
 + Level 3.4 Earth Magic
 + Level 3.4 Poison Magic
 + Level 6.6 Invocations
 + Level 4.2 Evocations


You had 16 spell levels left.
You didn't know any spells.
Your spell library contained the following spells:

 Spells                   Type           Power      Damage    Failure   Level
 Magic Dart               Conj           36%        1d4       97%         1
 Call Imp                 Summ           9%         N/A       99%         2
 Ensorcelled Hibernation  Hex/Ice        18%        N/A       99%         2
 Mephitic Cloud           Conj/Pois/Air  9%         N/A       100%        3
 Spider Form              Tmut/Pois      4%         N/A       100%        3
 Summon Guardian Golem    Hex/Summ       9%         N/A       100%        3
 Tukima's Dance           Hex            9%         N/A       100%        3
 Dispel Undead            Necr           9%         3d8       100%        4
 Petrify                  Tmut/Erth      9%         N/A       100%        4
 Summon Lightning Spire   Summ/Air       9%         N/A       100%        4
 Agony                    Necr           9%         N/A       100%        5
 Orb of Destruction       Conj           4%         9d2       100%        7
 Spellforged Servitor     Conj/Summ      4%         N/A       100%        7
 Summon Hydra             Summ           4%         N/A       100%        7


Dungeon Overview and Level Annotations

Branches:
Dungeon (6/15)             Temple (0/1) D:4           Sewer (visited)

Altars:
Gozag
Kikubaaqudgha
Qazlal
Sif Muna
Trog
Uskayaw

Shops:
D:1 [


Innate Abilities, Weirdness & Mutations

You have very sharp teeth.
Your uncanny sense of smell can sniff out nearby items.
Your experience applies equally to all skills.


Message History

You hit the troll.
The troll is almost dead.
The troll bites you. You block the troll's attack.
The troll claws you but does no damage.
Unknown command.
You hit the troll but do no damage.
The troll is almost dead.
You block the troll's attack. The troll claws you. x2
Unknown command.
Throw: dart (curare)
Press: ? - help, Q - select action, (/) - cycle Shift-Dir - straight line, f/p - troll
Aim: a troll (almost dead, 66% to hit)
You throw a curare-tipped dart. The curare-tipped dart hits the troll.
The troll is poisoned.
The troll convulses.
You kill the troll!
Lugonu accepts your kill.
Your Dodging skill increases to level 5!
You slash the ogre!
The ogre is moderately wounded.
The ogre hits you with a +0 giant spiked club!!
* * * LOW HITPOINT WARNING * * *
You hit the ogre. Your bite misses the ogre.
The ogre is heavily wounded.
The ogre closely misses you.
You closely miss the ogre. Your bite misses the ogre.
The ogre is heavily wounded.
You hit the ogre. Your bite misses the ogre.
The ogre is severely wounded.
The ogre hits you with a +0 giant spiked club!
* * * LOW HITPOINT WARNING * * *
Unknown command.
Throw: 16 darts (poison)
Press: ? - help, Q - select action, (/) - cycle Shift-Dir - straight line, f - ogre
Aim: an ogre, wielding a +0 giant spiked club (black smoke, severely wounded, 78% to hit)
You throw a poisoned dart. The poisoned dart hits the ogre!
The ogre is poisoned.
The ogre is severely wounded.
The ogre hits you with a +0 giant spiked club!!
You die...

+...≈..≈$.≈.§§+
#≈...........≈#
#≈......§$...≈#
#≈≈§...≈§...≈§#
#≈≈≈....§§.≈≈§#.#
#§≈≈≈..§§§≈≈§§#.# ..#
#≈≈≈≈≈≈o§≈≈≈§≈#.## #...
#######O### ##..###..#+
###....@.# #........#.
#........# #........#.
#.#......#####........#.
#..................##.
#########......(...#..
#..........#._
###.###......#..
#☼...§#......##.
##.....#.......#.


You could see an ogre (very poisoned) and an orc.

Vanquished Creatures
  A troll (D:6)
  2 black bears
  A sky beast (D:5)
  5 ogres
  A phantom (D:3)
  2 kobold brigands (Sewer)
  A bullfrog (D:6)
  A water moccasin zombie (D:5)
  4 scorpions
  A centaur zombie (D:5)
  4 hounds (D:5)
  3 jellies (D:5)
  3 orc priests
  2 bullfrog skeletons
  A centaur skeleton (D:5)
  4 iguanas (D:5)
  3 orc wizards (D:5)
  A hound skeleton (D:5)
  A gnoll (D:5)
  5 adders
  3 river rats
  An ufetubus (D:5)
  4 worms
  6 dart slugs
  11 orcs
  12 ball pythons
  13 bats
  7 endoplasms
  4 giant cockroaches
  3 goblins
  6 hobgoblins
  3 jackals (D:5)
  5 frilled lizards
  9 kobolds
  16 rats
149 creatures vanquished.

Notes
Turn   | Place    | Note
-------+----------+-------------------------------------------
     0 | Abyss:1  | Gargoyl the Gnoll Abyssal Knight began the quest for the
                  | Orb.
     0 | Abyss:1  | Reached XP level 1. HP: 23/23 MP: 3/3
   128 | Abyss:1  | Noticed a large abomination
   177 | Abyss:2  | Noticed a thrashing horror
   300 | Abyss:2  | Noticed a small abomination
   300 | Abyss:2  | HP: 1/23 [small abomination (22)]
   301 | D:1      | Escaped the Abyss
   792 | D:1      | Reached XP level 2. HP: 29/29 MP: 5/5
   966 | D:1      | Found Oqinteen's Armour Shop.
   970 | D:1      | Reached * piety under Lugonu
  1375 | D:1      | Reached XP level 3. HP: 35/35 MP: 6/6
  1935 | D:2      | Reached skill level 1 in Short Blades
  1935 | D:2      | Reached skill level 1 in Long Blades
  1935 | D:2      | Reached skill level 1 in Maces & Flails
  1935 | D:2      | Reached skill level 1 in Polearms
  1935 | D:2      | Reached skill level 1 in Staves
  1935 | D:2      | Reached skill level 1 in Slings
  1935 | D:2      | Reached skill level 1 in Bows
  1935 | D:2      | Reached skill level 1 in Crossbows
  1935 | D:2      | Reached skill level 1 in Throwing
  1935 | D:2      | Reached skill level 1 in Stealth
  1935 | D:2      | Reached skill level 1 in Shields
  1935 | D:2      | Reached skill level 1 in Unarmed Combat
  1935 | D:2      | Reached skill level 1 in Spellcasting
  1935 | D:2      | Reached skill level 1 in Evocations
  2041 | D:2      | Reached XP level 4. HP: 41/41 MP: 7/7
  2580 | D:3      | Found a glowing drain.
  2612 | D:3      | Reached ** piety under Lugonu
  2617 | Sewer    | Entered a sewer
  2853 | Sewer    | Reached skill level 1 in Conjurations
  2853 | Sewer    | Reached skill level 1 in Hexes
  2853 | Sewer    | Reached skill level 1 in Summonings
  2853 | Sewer    | Reached skill level 1 in Necromancy
  2853 | Sewer    | Reached skill level 1 in Translocations
  2853 | Sewer    | Reached skill level 1 in Transmutations
  2853 | Sewer    | Reached skill level 1 in Fire Magic
  2853 | Sewer    | Reached skill level 1 in Ice Magic
  2853 | Sewer    | Reached skill level 1 in Air Magic
  2853 | Sewer    | Reached skill level 1 in Earth Magic
  2853 | Sewer    | Reached skill level 1 in Poison Magic
  3057 | Sewer    | Reached XP level 5. HP: 44/47 MP: 8/8
  3127 | Sewer    | Noticed a kobold brigand
  3161 | Sewer    | Killed a kobold brigand
  3520 | Sewer    | Noticed a kobold brigand
  3536 | Sewer    | Killed a kobold brigand
  3537 | Sewer    | Reached skill level 5 in Invocations
  3537 | Sewer    | Reached XP level 6. HP: 44/53 MP: 9/9
  3650 | D:3      | Found a bloodstained altar of Trog.
  3758 | D:3      | Found a hide-covered altar of Uskayaw.
  4004 | D:3      | Reached skill level 5 in Axes
  4004 | D:3      | Reached skill level 5 in Armour
  4137 | D:3      | Found an opulent altar of Gozag.
  4222 | D:3      | Found a faded altar of an unknown god.
  4589 | D:4      | Noticed a black bear
  4606 | D:4      | Killed a black bear
  4607 | D:4      | Reached XP level 7. HP: 37/59 MP: 10/10
  4812 | D:4      | Reached skill level 7 in Fighting
  4978 | D:4      | Got the Volume of Noxious Unholy Rites
  5095 | D:4      | Found a shimmering blue altar of Sif Muna.
  5281 | D:4      | Found a staircase to the Ecumenical Temple.
  5338 | D:4      | Got Jimauxur's Reference Book on the Mountains and
                  | Summoning
  5525 | D:5      | Entered Level 5 of the Dungeon
  5656 | D:5      | Reached *** piety under Lugonu
  6066 | D:5      | Reached XP level 8. HP: 57/67 MP: 12/12
  7324 | D:5      | Reached **** piety under Lugonu
  7926 | D:5      | Reached XP level 9. HP: 70/72 MP: 14/14
  8434 | D:6      | Found a stormy altar of Qazlal.
  8564 | D:6      | Found an ancient bone altar of Kikubaaqudgha.
  8618 | D:6      | Noticed a troll
  8638 | D:6      | Killed a troll
  8639 | D:6      | Reached skill level 5 in Dodging
  8643 | D:6      | Mangled by an ogre

Illustrated notes

Levels and vault maps discovered:
D:1:      scummos_arrival_checkerplants, layout_basic, serial_shops, shop
D:2:      layout_basic, kennysheep_pointless_box, small_statue_intersection
D:3:      layout_loops_corners, lemuel_tele_altar,
          mainiacjoe_overflow_cross_hatched, mainiacjoe_overflow_alcove_1,
          cheibrodos_sewer_entry_sluice, shapermc_ecumenical_altar_notcrosses
D:4:      layout_basic, lemuel_blue_sif_altar, minmay_temple_entry_antechambers
D:5:      wad_river_or_something, layout_cave_pools, roderic_filled_cross,
          st_stairs_5, grunt_ministairs_12
D:6:      layout_basic, nicolae_kikubaaqudgha_miasma_corner,
          kennysheep_slug_shrine, mainiacjoe_overflow_surrounded_room,
          hellmonk_ghost_happy_afterlife, kennysheep_generic_room_2

Skill      XL: |  1  2  3  4  5  6  7  8  9 |
---------------+----------------------------+-----
Short Blades   | 1 2 3 4 |  4.2
Long Blades    | 1 2 3 4 |  4.2
Maces & Flails | 1 2 3 4 |  4.2
Polearms       | 1 2 3 4 |  4.2
Staves         | 1 2 3 4 |  4.2
Slings         | 1 2 3 4 |  4.2
Bows           | 1 2 3 4 |  4.2
Crossbows      | 1 2 3 4 |  4.2
Throwing       | 1 2 3 4 |  4.2
Stealth        | 1 2 3 4 |  4.2
Shields        | 1 2 3 4 |  4.2
Unarmed Combat | 1 2 3 4 |  4.2
Spellcasting   | 1 2 3 4 |  4.2
Evocations     | 1 2 3 4 |  4.2
Conjurations   | 1 2 3 |  3.4
Hexes          | 1 2 3 |  3.4
Summonings     | 1 2 3 |  3.4
Necromancy     | 1 2 3 |  3.4
Translocations | 1 2 3 |  3.4
Transmutations | 1 2 3 |  3.4
Fire Magic     | 1 2 3 |  3.4
Ice Magic      | 1 2 3 |  3.4
Air Magic      | 1 2 3 |  3.4
Earth Magic    | 1 2 3 |  3.4
Poison Magic   | 1 2 3 |  3.4
Dodging        | 3 4 5 |  5.0
Invocations    | 5 6 |  6.6
Axes           | 5 6 |  6.3
Armour         | 5 6 |  6.3
Fighting       | 7 |  7.8

Action                   |  1- 3 |  4- 6 |  7- 9 || total
-------------------------+-------+-------+-------++-------
Melee: Hand axe          |   118 |   186 |   332 ||   636
       Bite              |     8 |    16 |    52 ||    76
       Punch             |       |     1 |     5 ||     6
Throw: Dart              |       |     9 |    30 ||    39
Invok: Depart the Abyss  |     1 |       |       ||     1
       Bend Space        |       |       |     3 ||     3
  Use: Scroll            |     4 |     1 |     8 ||    13
       Potion            |       |     4 |       ||     4
Armor: Plate armour      |   162 |   159 |   251 ||   572
Dodge: Dodged            |    33 |    49 |    98 ||   180
Block: Other             |       |       |    66 ||    66

Table legend: (Time is in decaauts)
 A = Elapsed time spent in this place.
 B = Non-inter-level travel time spent in this place.
 C = Inter-level travel time spent in this place.
 D = Time resting spent in this place.
 E = Time spent auto-exploring this place.
 F = Levels seen in this place.
 G = Mean time per level.
                   A        B        C        D        E       F      G
               +--------+--------+--------+--------+--------+-----+--------+
         Total |   8748 |   8598 |    150 |    622 |   6308 |   9 |  972.0 |
       Dungeon |   7353 |   7203 |    150 |    334 |   5513 |   6 | 1225.5 |
         Abyss |    300 |    300 |      0 |     95 |    175 |   2 |  150.0 |
         Sewer |   1094 |   1094 |      0 |    193 |    620 |   1 | 1094.0 |
               +--------+--------+--------+--------+--------+-----+--------+

Top non-repeatable levels by time:
     D:5: 2538 daAuts
     D:1: 1290 daAuts
   Sewer: 1094 daAuts
     D:4: 1072 daAuts
     D:3: 1036 daAuts
     D:2: 966 daAuts
     D:6: 449 daAuts
 Abyss:2: 166 daAuts
 Abyss:1: 134 daAuts
